 Dungeon Crawl Stone Soup version 0.20.1-1-g8b1a95d (webtiles) character file.

184 Kingsmith the Magician (level 5, -3/28 HPs)
             Began as a Deep Elf Earth Elementalist on Dec 11, 2017.
             Slain by Grinder (4 damage)
             ... while paralysed by Grinder
             ... on level 3 of the Dungeon.
             The game lasted 00:06:31 (2714 turns).

Kingsmith the Magician (DEEE)                       Turns: 2714, Time: 00:06:32

Health: -3/28      AC:  2    Str:  6    XL:     5   Next: 36%
Magic:  7/16       EV:  2    Int: 20    God:
Gold:   116        SH:  0    Dex: 15    Spells: 8/18 levels left

rFire    . . .     SeeInvis .   h - +1 dagger (elec)
rCold    . . .     Gourm    .   (no shield)
rNeg     . . .     Faith    .   c - +0 robe
rPois    .         Spirit   .   (no helmet)
rElec    .         Reflect  +   (no cloak)
rCorr    .         Harm     .   (no gloves)
MR       .....                  (no boots)
Stlth    ++........             t - +3 amulet of reflection
Regen    0.1/turn               (no ring)
MPRegen  0.2/turn               (no ring)

@: paralysed
A: no striking features
a: no special abilities


You were on level 3 of the Dungeon.
You were not hungry.

You visited 1 branch of the dungeon, and saw 3 of its levels.

You collected 116 gold pieces.

Inventory:

Hand Weapons
 h - a +1 dagger of electrocution (weapon)
Missiles
 b - 56 stones (quivered)
Armour
 c - a +0 robe (worn)
Jewellery
 t - a +3 amulet of reflection (around neck)
Scrolls
 m - a scroll of amnesia {unknown}
 n - a scroll of random uselessness {unknown}
 o - 5 scrolls of identify {unknown}
 p - 2 scrolls of fear {unknown}
 q - a scroll of noise {unknown}
 s - 3 scrolls of teleportation {unknown}
 u - a scroll of blinking {unknown}
 v - a scroll of fog {unknown}
Potions
 f - a potion of cancellation {unknown}
 g - a potion of resistance {unknown}
 i - a potion of might {unknown}
 j - 2 potions of lignification {unknown}
 k - 2 potions of curing
 l - a potion of agility {unknown}
Books
 e - a book of Geomancy

   Spells                             Type                      Level
   a - Sandblast                      Earth                        1
   b - Passwall                       Transmutation/Earth          2
   c - Stone Arrow                    Conjuration/Earth            3
   d - Petrify                        Transmutation/Earth          4
   e - Lee's Rapid Deconstruction     Earth                        5
Comestibles
 a - 5 meat rations
 d - 4 bread rations
 r - 7 chunks of flesh


   Skills:
 - Level 2.4 Dodging
 - Level 2.4 Stealth
 - Level 7.0 Spellcasting
 + Level 0.7 Conjurations
 - Level 1.1 Transmutations
 - Level 4.0 Earth Magic


You had 8 spell levels left.
You knew the following spells:

 Your Spells              Type           Power        Failure   Level  Hunger
a - Sandblast             Erth           ###...       1%          1    None
b - Passwall              Tmut/Erth      ###.......   4%          2    None
c - Stone Arrow           Conj/Erth      ###...       11%         3    #......
d - Petrify               Tmut/Erth      ###.....     32%         4    ###....


Dungeon Overview and Level Annotations

Branches:
Dungeon (3/15)

Altars:

Annotations:
D:3 Grinder


Message History

b - 57 stones Grinder misses you.
Casting: Sandblast
Confirm with . or Enter, or press ? or * to list all spells.
Aiming: Sandblast
Press: ? - help, Shift-Dir - straight line, f/p - Grinder
Aim: Grinder (moderately wounded)
The blast of sand misses Grinder.
b - 56 stones Grinder gestures at you.
You suddenly lose the ability to move!
Grinder completely misses you. Grinder hits you.
You writhe in agony.
Grinder says, "You look like you could use a good racking."
Grinder hits you!
* * * LOW HITPOINT WARNING * * *
Grinder hits you.
* * * LOW HITPOINT WARNING * * *
You writhe in agony.
You die...

......# .. .### #.†....$#♣
.....## .# ..# #######.# ......
.# .. #########.## ......### ##.#
#.#..(........# ........####..#
##...#########).
.............#####...#####.....)#
..........5......................
!............#############.#..#..
.....#.....#..†5@.########.##.#..
....##....÷######..............#.
#### #.....# ############....#
####### #..... #..... #.(..#
#..##. #... . #... .


You could see Grinder.

Vanquished Creatures
  An orc wizard (D:3)
  8 adders
  2 worms (D:2)
  2 dart slugs (D:1)
  A leopard gecko (D:2)
  3 orcs (D:3)
  5 ball pythons
  3 giant cockroaches
  11 goblins
  5 hobgoblins
  4 jackals (D:2)
  2 quokkas (D:3)
  9 bats
  6 frilled lizards (D:2)
  7 kobolds
  4 rats
73 creatures vanquished.

Notes
Turn   | Place    | Note
-------+----------+-------------------------------------------
     0 | D:1      | Kingsmith the Deep Elf Earth Elementalist began the quest for the Orb.
     0 | D:1      | Reached XP level 1. HP: 10/10 MP: 6/6
   129 | D:1      | Reached XP level 2. HP: 10/15 MP: 5/8
   196 | D:1      | Reached skill level 4 in Spellcasting
   202 | D:1      | Learned a level 2 spell: Passwall
   844 | D:2      | Reached skill level 5 in Spellcasting
   844 | D:2      | Reached XP level 3. HP: 11/19 MP: 6/11
  1052 | D:2      | Learned a level 3 spell: Stone Arrow
  1749 | D:2      | Reached XP level 4. HP: 12/24 MP: 2/13
  2049 | D:3      | Noticed Grinder
  2125 | D:3      | Reached skill level 6 in Spellcasting
  2302 | D:3      | Reached skill level 7 in Spellcasting
  2334 | D:3      | Learned a level 4 spell: Petrify
  2349 | D:3      | Reached XP level 5. HP: 14/28 MP: 8/16
  2710 | D:3      | Paralysed by Grinder for 5 turns
  2714 | D:3      | HP: 1/28 [Grinder (5)]
  2714 | D:3      | Slain by Grinder

Skill      XL: |  1  2  3  4  5 |
---------------+----------------+-----
Spellcasting   | 5 7 |  7.0
Earth Magic    | 4 |  4.0
Dodging        | |  2.4
Stealth        | |  2.4
Conjurations   | |  0.7
Transmutations | |  1.1

Action                   |  1- 3 |  4- 6 || total
-------------------------+-------+-------++-------
Melee: Dagger            |    53 |    34 ||    87
 Cast: Sandblast         |    42 |    36 ||    78
       Passwall          |     2 |       ||     2
       Stone Arrow       |     2 |     3 ||     5
  Use: Potion            |       |     1 ||     1
 Stab: Sleeping          |     1 |     3 ||     4
  Eat: Chunk             |     3 |     3 ||     6
Armor: Robe              |     9 |     9 ||    18
Dodge: Dodged            |    52 |    44 ||    96
Block: Other             |     7 |     2 ||     9
